Map: Pylon LE

Players

Izzule - Winner!

  • Race: Protoss Protoss
  • League: Bronze
  • Spawn Location: 11:00

Kraken

  • Race: Terran Terran
  • League: Silver
  • Spawn Location: 5:00

VOD

Have the link to the VOD?

Description

Time

  • Played on: May 7, 2025, 9:50 p.m.
  • Length: 9:56
Show
View Real Time Build Order
Export as new Build Order

Izzule Protoss - Winner!

Build Orders: Double Forge 

Get SALT Encoding   

  12  0:00  Probe  
  13  0:12  Probe  
  14  0:26  Probe, Pylon  
  15  0:44  Probe  
  16  0:53  Gateway  
  16  0:56  Probe  
  17  0:59  Pylon  
  17  1:01  Assimilator  
  17  1:14  Probe  
  18  1:22  Probe  
  18  1:31  Probe  
  20  1:47  Cybernetics Core  
  20  1:50  Gateway  
  20  1:51  Probe  
  21  1:58  Nexus  
  21  2:03  Probe  
  21  2:07  Assimilator  
  22  2:12  Stalker  
  22  2:13  Probe  
  22  2:20  Warp Gate  
  22  2:21  Probe  
  26  2:30  Probe  
  27  2:42  Probe  
  27  3:02  Adept  
  27  3:05  Probe  
  30  3:11  Assimilator  
  30  3:13  Probe  
  30  3:14  Pylon  
  30  3:17  Probe  
  32  3:21  Gateway  
  32  3:25  Probe  
  33  3:28  Robotics Facility  
  33  3:36  Probe  
  33  3:37  Pylon  
  33  3:47  Stalker  
  33  3:48  Probe  
  36  4:00  Twilight Council  
  36  4:01  Pylon x2  
  36  4:11  Gateway  
  36  4:17  Stalker  
  36  4:19  Observer  
  39  4:36  Charge  
  39  4:37  Probe x2  
  41  4:40  Forge  
  41  4:41  Forge  
  41  4:45  Gateway  
  41  4:49  Probe x2  
  41  4:50  Zealot  
  41  4:52  Immortal  
  45  4:53  Sentry  
  51  5:24  Zealot x3  
  57  5:35  Pylon  
  57  5:37  Pylon  
  57  5:41  Pylon  
  57  5:45  Assimilator  
  57  5:53  Protoss Ground Armor Level 1, Protoss Ground Weapons Level 1  
  57  5:59  Observer  
  58  6:14  Probe x2  
  60  6:26  Probe x2  
  62  6:36  Nexus  
  62  6:39  Stalker x2, Pylon  
  66  6:40  Stalker x2  
  66  6:42  Assimilator, Pylon  
  66  6:43  Assimilator  
  65  7:31  Stalker x4  
  65  7:34  Observer  
  74  7:42  Pylon  
  74  7:49  Probe  
  74  7:50  Probe x2  
  77  8:02  Probe x3  
  80  8:08  Observer  
  80  8:10  Gateway  
  80  8:13  Robotics Bay  
  80  8:17  Zealot x3  
  80  8:18  Zealot  
  86  9:03  Probe x2  
  86  9:04  Probe  
  89  9:15  Probe  
  89  9:16  Probe x2  
  82  9:29  Zealot x5  
Show
View Real Time Build Order
Export as new Build Order

Kraken Terran 

Build Orders: Gas First Reaper Expand 

Get SALT Encoding   

  12  0:01  SCV  
  13  0:13  SCV  
  14  0:24  Supply Depot  
  14  0:28  Refinery  
  14  0:29  SCV  
  15  0:46  SCV  
  15  0:47  Barracks  
  16  1:36  Reaper  
  17  1:43  Barracks  
  18  1:56  Orbital Command  
  17  2:03  Factory  
  17  2:10  Marine  
  18  2:29  Command Center  
  18  2:53  Marine x2  
  19  3:00  SCV  
  19  3:02  Factory Tech Lab  
  19  3:04  Starport  
  20  3:12  SCV  
  21  3:16  Marine  
  21  3:19  Barracks Reactor  
  22  3:29  Supply Depot  
  22  3:35  Marine  
  23  3:44  Starport Tech Lab  
  23  3:49  Starport  
  23  3:53  SCV  
  23  3:54  Refinery  
  24  4:05  SCV x2  
  24  4:06  Marine  
  24  4:07  Marine  
  28  4:21  SCV  
  28  4:23  Banshee  
  32  4:33  SCV x2  
  32  4:37  Marine x2  
  36  4:41  Starport Tech Lab  
  36  4:44  Cloaking Field  
  36  4:45  SCV  
  36  4:52  SCV  
  38  4:54  Marine  
  38  4:58  SCV, Refinery  
  40  5:01  Barracks Tech Lab, Marine  
  41  5:10  SCV  
  41  5:14  SCV  
  43  5:17  Banshee  
  46  5:26  Supply Depot  
  46  5:31  Orbital Command  
  46  5:40  SCV, Marine x2  
  49  5:46  Banshee  
  52  5:50  Siege Tank  
  52  5:52  SCV  
  52  5:57  Supply Depot  
  56  6:02  Marine  
  56  6:03  Marine x2  
  59  6:07  Banshee  
  63  6:18  SCV  
  63  6:32  Marine x2  
  65  6:33  Marine  
  63  7:10  Marine x2  
  65  7:29  Marine x3  
  68  7:37  SCV  
  69  7:49  SCV  
  70  7:56  Refinery  
  70  8:10  Armory  
  70  8:16  Engineering Bay, Fusion Core  
  70  8:20  Supply Depot  
  70  8:39  SCV  
  70  8:40  SCV  
  69  8:42  Siege Tank, Viking x2  
  69  8:52  SCV  
  63  9:02  Marine  
  57  9:07  Marine  
Tags
 
Add a new tag
Caveats
  • Supply blocks, unpowered buildings, or Contaminate may cause inaccurate times.
  • Supply counts are checked every 10 seconds.